 Dungeon Crawl Stone Soup version 0.25.1-2-g60ff931df9 (webtiles) character file.

Game seed: 7882111219804632466

16 DogServant the Ruffian (level 2, -3/25 HPs)
             Began as a Naga Transmuter on Oct 18, 2020.
             Slain by a kobold
             ... wielding a cursed +0 short sword
              (4 damage)
             ... on level 1 of the Dungeon.
             The game lasted 00:00:52 (627 turns).

DogServant the Ruffian (Naga Transmuter)             Turns: 627, Time: 00:00:52

Health: -3/25      AC:  2    Str: 12    XL:     2   Next: 58%
Magic:  5/5        EV: 10    Int: 13    God:
Gold:   15         SH:  0    Dex: 11    Spells: 4/5 levels left

rFire    . . .     SeeInvis +   h - +2 whip (venom)
rCold    . . .     Gourm    .   (no shield)
rNeg     . . .     Faith    .   b - +0 robe
rPois    +         Spirit   .   (no helmet)
rElec    .         Reflect  .   g - +0 cloak
rCorr    .         Harm     .   (no gloves)
MR       .....                  (no barding)
Stlth    +.........             (no amulet)
HPRegen  0.08/turn              (no ring)
MPRegen  0.09/turn              (no ring)

@: short of breath, very slow
A: large, see invisible, deformed body, poison resistance, slowness 2, slow
metabolism 1, spit poison 1, AC +0
a: Spit Poison


You were on level 1 of the Dungeon.
You were not hungry.

You visited 1 branch of the dungeon, and saw 1 of its levels.

You collected 15 gold pieces.

Inventory:

Hand Weapons
 h - a +2 whip of venom (weapon)
Missiles
 a - 12 arrows
Armour
 b - a +0 robe (worn)
 f - a +0 buckler
 g - a +0 cloak (worn)
Scrolls
 e - a scroll of remove curse {unknown}
Potions
 i - a potion of stabbing {unknown}
 j - a potion of curing {unknown}
Comestibles
 d - a ration


   Skills:
 - Level 1.0 Fighting
 - Level 1.5 Dodging
 + Level 0.1 Shields
 + Level 3.4 Unarmed Combat
 - Level 2.0 Spellcasting
 + Level 2.5 Transmutations


You had 4 spell levels left.
You knew the following spells:

 Your Spells              Type           Power        Failure   Level  Hunger
a - Beastly Appendage     Tmut           #.....       9%          1    ##.....

Your spell library contained the following spells:

 Spells                   Type           Power        Failure   Level  Hunger
 Sticks to Snakes         Tmut           #.......     14%         2    ###....
 Spider Form              Tmut/Pois      #.........   41%         3    ####...
 Ice Form                 Ice/Tmut       #.......     83%         4    #####..
 Blade Hands              Tmut           #.........   94%         5    ######.


Dungeon Overview and Level Annotations

Branches:
Dungeon (1/15)

Altars:


Innate Abilities, Weirdness & Mutations

You cannot wear boots.
Your serpentine skin is tough. (AC +0)
You have supernaturally acute eyesight. (SInv)
Armour fits poorly on your strangely shaped body.
Your system is resistant to poisons. (rPois)
You cover ground very slowly.
You have a slow metabolism.
You can spit poison.


Message History

You closely miss the kobold.
The kobold hits you with a cursed +0 short sword.
You miss the kobold. Your punch misses the kobold.
The kobold hits you with a cursed +0 short sword.
You are too injured to fight recklessly!
You are too injured to fight recklessly!
You closely miss the kobold. The kobold closely misses you.
Press: ? - help, Shift-Dir - straight line, f - kobold
Aim: a kobold, wielding a +0 short sword The splash of poison misses the kobold.
You feel slightly more hungry. The kobold barely misses you.
You barely miss the kobold.
The kobold hits you with a cursed +0 short sword.
* * * LOW HITPOINT WARNING * * *
You completely miss the kobold.
The kobold hits you with a cursed +0 short sword.
* * * LOW HITPOINT WARNING * * *
You closely miss the kobold.
The kobold hits you with a cursed +0 short sword.
You die...

######## #......#
#......#######
#...(........#########
####(#######..........
##(## ###########
#..(# ##### ##...#
######...# #...@#
........#...#
#...K................
#....................
#.........)..........
#......###...###...##
...###.#.............
.... ##.............
..... ...###..)###..
..#>...)..#..


You could see a kobold.

Vanquished Creatures
  A leopard gecko (D:1)
  A bat (D:1)
  A giant cockroach (D:1)
  5 goblins (D:1)
  A hobgoblin (D:1)
  2 kobolds (D:1)
  A rat (D:1)
12 creatures vanquished.

Notes
Turn   | Place    | Note
-------+----------+-------------------------------------------
     0 | D:1      | DogServant the Naga Transmuter began the quest for the Orb.
     0 | D:1      | Reached XP level 1. HP: 18/18 MP: 3/3
   129 | D:1      | Reached XP level 2. HP: 18/25 MP: 3/5
   626 | D:1      | HP: 1/25 [kobold/cursed +0 short sword (4)]
   627 | D:1      | Slain by a kobold

Illustrated notes

Levels and vault maps discovered:
D:1:      minmay_arrival_open_corners, layout_rooms

Action                   || total
-------------------------++-------
Melee: Unarmed           ||    45
       Whip              ||     8
 Cast: Beastly Appendage ||     2
 Abil: Spit Poison       ||     1
Armor: Robe              ||     8
Dodge: Dodged            ||    30
